 Dungeon Crawl Stone Soup version 0.30-a0-591-g3c58d2bc28 (webtiles) character file.

Game seed: 15000473262316861190

534 cforsyth the Digger (level 7, -3/36 HPs)
             Began as a Gargoyle Earth Elementalist on Jan 4, 2023.
             Slain by an iguana (6 damage)
             ... on level 4 of the Dungeon.
             The game lasted 00:05:20 (3543 turns).

cforsyth the Digger (Gargoyle Earth Elementalist)   Turns: 3543, Time: 00:05:21

Health: -3/36      AC:  6    Str: 12    XL:     7   Next: 25%
Magic:  3/14       EV: 12    Int: 17    God:
Gold:   161        SH:  0    Dex: 13    Spells: 11/15 levels left

rFire   + . .      SeeInvis .    r - +9 whip of Wu Jian's Anger {holy, rF+ Dex+3}
rCold   . . .      Faith    .    (no shield)
rNeg    + . .      Spirit   .    a - +0 robe
rPois   ∞          Reflect  .    (no helmet)
rElec   +          Harm     .    (no cloak)
rCorr   .          Rampage  .    (no gloves)
Will    .....                    (no boots)
Stlth   ++                       (no amulet)
HPRegen 0.26/turn                (no ring)
MPRegen 0.14/turn                (no ring)

@: no status effects
A: sickness immunity, AC +4, negative energy resistance 1, electricity
resistance, torment resistance 1, petrification resistance
a: no special abilities


You were on level 4 of the Dungeon.
You visited 1 branch of the dungeon, and saw 4 of its levels.

You collected 181 gold pieces.
You spent 20 gold pieces at shops.

Inventory:

Hand Weapons
 r - the +9 whip of Wu Jian's Anger (weapon) {holy, rF+ Dex+3}
   (You found it on level 3 of the Dungeon)

   Dex:       It affects your dexterity (+3).
   rF:        It protects you from fire.
Armour
 a - a +0 robe (worn)
Jewellery
 i - a +6 ring of strength
 q - an amulet of regeneration
Scrolls
 c - a scroll of noise {unknown}
 d - a scroll of vulnerability {unknown}
 f - 4 scrolls of teleportation {unknown}
 h - 2 scrolls of amnesia {unknown}
 j - 2 scrolls of immolation {unknown}
 k - a scroll of butterflies {unknown}
 l - a scroll of fear {unknown}
 s - a scroll of poison {unknown}
 t - a scroll of fog {unknown}
 u - a scroll of identify
Potions
 b - a potion of magic
 e - 2 potions of lignification
 g - a potion of might
 m - a potion of invisibility
 n - a potion of haste {unknown}
 o - a potion of brilliance {unknown}
 p - 2 potions of curing


   Skills:
 - Level 1.5 Dodging
 - Level 2.1 Stealth
 + Level 4.9 Spellcasting
 + Level 2.3 Conjurations
 - Level 0.7 Transmutations
 + Level 7.0 Earth Magic


You had 11 spell levels left.
You knew the following spells:

 Your Spells              Type           Power      Damage    Failure   Level
a - Sandblast             Erth           56%        2d13      1%          1
b - Stone Arrow           Conj/Erth      40%        3d9       6%          3

Your spell library contained the following spells:

 Spells                   Type           Power      Damage    Failure   Level
 Passwall                 Tmut/Erth      14%        N/A       4%          2
 Beastly Appendage        Tmut           12%        N/A       11%         1
 Wereblood                Tmut           6%         N/A       16%         2
 Petrify                  Tmut/Erth      17%        N/A       28%         4
 Animate Armour           Summ/Erth      32%        N/A       34%         4
 Spider Form              Tmut/Pois      5%         N/A       36%         3
 Lehudib's Crystal Spear  Conj/Erth      10%        10d4      100%        8


Dungeon Overview and Level Annotations

Branches:
Dungeon (4/15)
 Temple: D:4-7

Altars:
Ashenzari

Shops:
D:1 ?   D:3 =[:!(


Innate Abilities, Weirdness & Mutations

You are immune to sickness and miasma.
Your stone body is resilient. (AC +4)
You are immune to poison.
You resist negative energy. (rN+)
You are resistant to electric shocks. (rElec)
You are resistant to unholy torment.
You are immune to petrification.


Message History

The orc wizard hits you with a +0 dagger.
The blast of sand hits the orc wizard!
You kill the orc wizard!
An iguana comes into view.
Your Earth Magic skill increases to level 7!
You can't see any susceptible monsters within range! (Use Z to cast anyway.)
An iguana is nearby!
An orc comes into view. It is wielding a +0 dagger.
Things that are here:
a +0 mace; a +0 club; a +0 leather armour You see here a sapphire potion.
The iguana hisses angrily.
The iguana attacks as you move away! The iguana barely misses you.
The iguana attacks as you move away! The iguana bites you.
The orc shouts!
The iguana attacks as you move away! The iguana bites you!
The iguana attacks as you move away! The iguana misses you.
The iguana attacks as you move away! The iguana bites you!
You are too injured to fight recklessly!
The iguana attacks as you move away! The iguana closely misses you.
Casting: Sandblast (safe; 1% risk of failure)
Confirm with . or Enter, or press ? or * to list all spells.
Aiming: Sandblast (safe; 1% risk of failure)
Press: ? - help, Shift-Dir - straight line, f - iguana
Aim: an iguana (85% to hit)
The blast of sand hits the iguana!
The iguana is almost dead.
The iguana bites you!
* * * LOW HITPOINT WARNING * * *
Casting: Sandblast (safe; 1% risk of failure)
Confirm with . or Enter, or press ? or * to list all spells.
Aiming: Sandblast (safe; 1% risk of failure)
Press: ? - help, Shift-Dir - straight line, f/p - iguana
Aim: an iguana (almost dead, 85% to hit)
The blast of sand hits the iguana but does no damage.
The iguana is almost dead.
The iguana bites you.
* * * LOW HITPOINT WARNING * * *
The iguana bites you.
You die...

#........o..##)#.####
#.####.###...#.#.#
#.# #.#.)...# #.#
#...#.###
...###.####.##.#
..........##.##.#
#...###..o..†.!.#
##.######l####.##
.......@.# #.#
#######..# #.# #..#
#.# #..# #.#
...###.## ##.##...#
##.##.#.###
#.....#†..#
##.#.#####.#


You could see an iguana and an orc.

Vanquished Creatures
  Sigmund (D:3)
  3 orc priests (D:4)
  3 orc wizards
  Natasha (thrice) (D:3)
  3 gnolls (D:3)
  3 adders (D:3)
  A worm (D:2)
  3 dart slugs
  8 orcs
  5 bats
  3 endoplasms
  2 giant cockroaches
  7 goblins
  4 hobgoblins
  4 jackals (D:3)
  3 quokkas
  3 ball pythons (D:1)
  3 frilled lizards
  4 kobolds
  3 rats
69 creatures vanquished.

Notes
Turn   | Place    | Note
-------+----------+-------------------------------------------
     0 | D:1      | cforsyth the Gargoyle Earth Elementalist began the quest
                  | for the Orb.
     0 | D:1      | Reached XP level 1. HP: 10/10 MP: 3/3
   155 | D:1      | Reached XP level 2. HP: 15/15 MP: 3/5
   184 | D:1      | Reached skill level 4 in Earth Magic
   306 | D:1      | Found Ileheh's Magic Scroll Shoppe.
   337 | D:1      | Bought a scroll of identify for 20 gold pieces
   707 | D:1      | Reached XP level 3. HP: 19/19 MP: 4/6
  1556 | D:2      | Identified the +1 leather armour of the Eight of Cups
                  | {+Inv}
  1892 | D:3      | Found Isavosh's Jewellery Emporium.
  1982 | D:3      | Reached XP level 4. HP: 24/24 MP: 5/8
  2312 | D:3      | Reached skill level 5 in Earth Magic
  2387 | D:3      | Found Juutu's Distillery.
  2586 | D:3      | Reached XP level 5. HP: 28/28 MP: 5/10
  2635 | D:3      | Found a broken altar of Ashenzari.
  2718 | D:3      | Found Jotahaqa's Book Shoppe.
  2739 | D:3      | Noticed Sigmund
  2790 | D:3      | Killed Sigmund
  2791 | D:3      | Reached skill level 6 in Earth Magic
  2791 | D:3      | Reached XP level 6. HP: 20/32 MP: 3/12
  2860 | D:3      | Learned a level 3 spell: Stone Arrow
  2904 | D:3      | Noticed Natasha
  2908 | D:3      | Killed Natasha
  3044 | D:3      | Found Xuineiv's Weapon Boutique.
  3111 | D:3      | Noticed Natasha
  3116 | D:3      | Killed Natasha
  3117 | D:3      | Reached skill level 1 in Conjurations
  3158 | D:3      | Noticed Natasha
  3161 | D:3      | Killed Natasha
  3180 | D:3      | Found Fiorre's Armour Shoppe.
  3229 | D:3      | Identified the +9 whip of Wu Jian's Anger {holy, rF+ Dex+3}
  3390 | D:4      | Reached XP level 7. HP: 36/36 MP: 9/14
  3526 | D:4      | Reached skill level 7 in Earth Magic
  3543 | D:4      | Slain by an iguana

Illustrated notes

Levels and vault maps discovered:
D:1:      dpeg_arrival_rooms_c, layout_basic, serial_shops,
          nicolae_shop_advertising_works [nicolae_subvault_shop_adworks],
          minmay_misc_feat_more_columns, minmay_small_reverse_x
D:2:      layout_loops_ring
D:3:      layout_basic, mainiacjoe_overflow_surrounded_room, serial_shops,
          nicolae_square_shop, nicolae_shop_bloodbath_and_beyond,
          nicolae_shop_waterfront, shop, nicolae_shop_behind_doors,
          minmay_misc_feat_alley, uniq_natasha, uniq_sigmund
D:4:      layout_loops_ring, st_stairs_8, uniq_eustachio

Skill      XL: |  1  2  3  4  5  6  7 |
---------------+----------------------+-----
Earth Magic    | 4 5 6 7 |  7.0
Spellcasting   | 3 4 |  4.9
Conjurations   | 1 2 |  2.3
Dodging        | |  1.5
Stealth        | |  2.1
Transmutations | |  0.7

Action                   |  1- 3 |  4- 6 |  7- 9 || total
-------------------------+-------+-------+-------++-------
Melee: Unarmed           |    10 |     1 |       ||    11
 Cast: Sandblast         |    46 |    64 |    22 ||   132
  Use: Scroll            |     5 |       |       ||     5
Armor: Robe              |    12 |    18 |     5 ||    35
Dodge: Dodged            |    14 |    41 |     8 ||    63

Table legend: (Time is in decaauts)
 A = Elapsed time spent in this place.
 B = Non-inter-level travel time spent in this place.
 C = Inter-level travel time spent in this place.
 D = Time resting spent in this place.
 E = Time spent auto-exploring this place.
 F = Levels seen in this place.
 G = Mean time per level.
                   A        B        C        D        E       F      G
               +--------+--------+--------+--------+--------+-----+--------+
         Total |   3617 |   3518 |     99 |    475 |   2500 |   4 |  904.2 |
       Dungeon |   3617 |   3518 |     99 |    475 |   2500 |   4 |  904.2 |
               +--------+--------+--------+--------+--------+-----+--------+

Top non-repeatable levels by time:
     D:3: 1307 daAuts
     D:1: 1049 daAuts
     D:2: 995 daAuts
     D:4: 266 daAuts
